cohdb
Replays
Latest Replays
All Replays
Popular Replays
Top Player Replays
Match Explorer
How It Works
Community
CoH3 Stats
Reddit
Sign in to upload your games and track your stats! →
Sign in with Steam
Match 47230358
Unlisted
Match 47230358
Overview
Messages
Build Orders
End
Selects Italian Combined Arms Battlegroup
Selects Bersaglieri Squad
Bersaglieri Squad
250 Light Carrier
Bersaglieri Squad
Panzergrenadier Squad
Construct Light Support Kompanie
Fire Support Elements
Flakvierling Half-track
2.5-tonne Medical Truck
Selects Semovente da 75/18 Assault Gun
Semovente da 75/18 Assault Gun
Vehicle Survival Package
Flakvierling Half-track
Selects Bersaglieri Bolster
Selects Strafing Run
Strafing Run
Veteran Squad Leaders
BamboneWertherone ITA
Capibimbambombolilalone ITA
Konrad Curze
FLOKL
Vettlen
Farsurem
Masang
jordstg
0
0
Comments
sign in to comment!
No comments posted yet!